Cogmind - Beta 13 @@@ ROGUE MODE // 2024.04.04 @ 01:38:23 Player: CocoWaff Result: Destroyed by S-10 Pest with Light Assault Rifle Performance ------------- Evolutions (2) 1000 Regions Visited (3) 600 Robots Destroyed (30) 150 Value Destroyed (838) 838 Prototype IDs (0) 0 Alien Tech Used (0) 0 Bonus (0) 0 TOTAL SCORE: 2588 Bonus ------- None Cogmind --------- Core Integrity 0/550 Matter 204/300 Energy 159/160 System Corruption 0% Temperature Cool (0) Movement Core (200) Ox3 Location -8/Materials Parts ------- > --- POWER (2) -------- Light Nuclear Core > --- PROPULSION (3) --- (None) > --- UTILITY (3) ------ Small Storage Unit > --- WEAPON (3) ------- (None) > --- INVENTORY (8) ---- (None) Peak State ------------ > --- POWER ------------ Reinforced Ion Engine Light Nuclear Core > --- PROPULSION ------- Compact Wheel Compact Wheel Compact Wheel > --- UTILITY ---------- Small Storage Unit ECM Suite Shield Generator > --- WEAPON ----------- Small Laser Beam Rifle EM Pulse Cannon > --- INVENTORY -------- Improved Ion Engine Improved Ion Engine [Rating: 18] Favorites ----------- Power Light Ion Engine Engine Light Ion Engine Power Core Light Nuclear Core Propulsion Compact Wheel Treads Light Treads Wheel Compact Wheel Utility ECM Suite Device ECM Suite Storage Small Storage Unit Processor Signal Interpreter Weapon Small Laser Energy Gun Small Laser Energy Cannon EM Pulse Cannon Ballistic Gun Light Assault Rifle Build | -11 -10 -9 -8 ------- Run | Yrd Mat Mat Mat Slots Evolved 4 | . . 2 2 Power 1 | . . 1 . Propulsion 1 | . . 1 . Utility 1 | . . . 1 Weapon 1 | . . . 1 Parts Attached 36 | 6 4 10 16 Power 10 | 1 . 3 6 Engine 8 | 1 . 3 4 Core 2 | . . . 2 Reactor . | . . . . Propulsion 10 | 2 2 6 . Treads 5 | 2 . 3 . Leg . | . . . . Wheel 5 | . 2 3 . Hover . | . . . . Flight . | . . . . Utility 6 | 1 2 . 3 Device 3 | . 1 . 2 Storage 2 | 1 . . 1 Processor 1 | . 1 . . Hackware . | . . . . Protection . | . . . . Artifact . | . . . . Weapon 10 | 2 . 1 7 Energy Gun 6 | 1 . . 5 Energy Cannon 2 | . . . 2 Ballistic Gun 2 | 1 . 1 . Ballistic Cannon . | . . . . Launcher . | . . . . Special Weapon . | . . . . Impact Weapon . | . . . . Slashing Weapon . | . . . . Piercing Weapon . | . . . . Special Melee Weapon . | . . . . Unidentified Prototypes . | . . . . Parts Lost 17 | . . 4 13 Power 6 | . . 2 4 Propulsion 4 | . . 1 3 Utility 2 | . . . 2 Weapon 5 | . . 1 4 Highest Loss Streak 5 | . . 2 5 To Critical Strikes . | . . . . Average Slot Usage (%) 83 | . 94 96 67 Engine 15 | . 14 21 10 Core 2 | . . . 5 Treads 6 | . 3 17 . Wheel 16 | . 24 13 14 Device 8 | . 5 11 9 Storage 5 | . 8 . 9 Processor 6 | . 8 11 1 Energy Gun 8 | . 14 1 11 Ballistic Gun 11 | . 14 19 2 Naked Turns . | . . . . Heaviest Build 34 | 10 10 22 34 Greatest Support 60 | 40 40 60 48 Greatest Overweight (x) 7 | . . . 7 Average Overweight (x) . | . . . 1 Largest Inventory Capacity 8 | 8 8 5 8 Average Capacity 6 | 6 6 5 8 Most Carried 5 | 5 5 5 4 Average Carried 2 | 2 4 3 1 Final Capacity 8 | 8 5 5 8 Final Carried 5 | 2 5 4 . Class Distribution -------------------- 87% | Mutant 7% | Tank 5% | Gunner Dominant Class ---------------- Mutant | -10/Materials Mutant | -9/Materials Mutant | -8/Materials Resources | -11 -10 -9 -8 ----------- Run | Yrd Mat Mat Mat Matter Collected 605 | 217 12 266 110 Remotely . | . . . . Salvage Created 1076 | . 63 421 592 Parts 69 | . 9 36 24 Haulers Intercepted . | . . . . Recyclers Shooed . | . . . . Parts Field Recycled . | . . . . Retrieved Matter . | . . . . Parts Self-Destructed . | . . . . Prevented . | . . . . Kills | -11 -10 -9 -8 ------- Run | Yrd Mat Mat Mat Combat Hostiles Destroyed 22 | . 3 6 13 Guns 15 | . 3 6 6 Cannons 5 | . . . 5 AOE 2 | . . . 2 Classes Destroyed 9 | . 2 5 2 Worker 2 | . . 2 . Builder 2 | . . 1 1 Recycler 1 | . . . 1 Watcher 3 | . 1 2 . Swarmer 7 | . 3 . 4 Grunt 8 | . . 1 7 Brawler 1 | . . 1 . Sentry 5 | . . 4 1 Hunter 1 | . . . 1 Best Kill Streak 5 | . 3 3 5 Combat Bots Only 3 | . 3 2 3 Max Kills in Single Turn 3 | . 1 1 3 Gunslinging . | . . . . Exploded 1 | . . . 1 Melee . | . . . . Uniques/NPCs Destroyed . | . . . . Combat | -11 -10 -9 -8 -------- Run | Yrd Mat Mat Mat Hostile Shots Fired 228 | . 17 36 175 Missed 62 | . 8 6 48 Damage Taken 1952 | . 98 445 1409 Core 680 | . 34 95 551 Absorbed by Shields 165 | . . . 165 Regen/Repaired (Parts) 62 | . . . 62 Core Remaining (%) 87 | 100 86 76 . Volleys Fired 101 | . 9 37 55 Largest 3 | . 2 2 3 Hottest 159 | . 60 60 159 Shots Fired 180 | . 18 67 95 Gun 162 | . 18 67 77 Cannon 18 | . . . 18 Launcher . | . . . . Special . | . . . . Kinetic 85 | . 9 58 18 Thermal 77 | . 9 9 59 Explosive . | . . . . Electromagnetic 18 | . . . 18 Robot Hit Streak 11 | . 2 11 7 Robot Miss Streak 4 | . 4 2 4 Penetration Max . | . . . . Secondary Targets 1 | . 1 . . Max Gunslinging Chain 1 | . 1 . . Shots Hit Robots 114 | . 7 46 61 Core Hits 57 | . 6 16 35 Critical Kills . | . . . . Critical Parts Destroyed 1 | . . 1 . Critical Strikes 3 | . . 1 2 Burn 1 | . . . 1 Destroy 1 | . . 1 . Corrupt 1 | . . . 1 Melee Attacks . | . . . . Impact . | . . . . Slashing . | . . . . Piercing . | . . . . Sneak Attacks . | . . . . Combat Hostiles . | . . . . Follow-up Attacks . | . . . . Damage Inflicted 1922 | . 78 562 1282 Guns 1279 | . 78 562 639 Cannons 369 | . . . 369 Explosions 270 | . . . 270 Melee . | . . . . Ramming 4 | . . . 4 Kinetic 646 | . 22 474 150 Thermal 678 | . 56 88 534 Explosive 225 | . . . 225 Electromagnetic 369 | . . . 369 Impact . | . . . . Slashing . | . . . . Piercing . | . . . . Highest Corruption . | . . . . Average Corruption . | . . . . Corruption Purged . | . . . . Corruption Blocked . | . . . . Overload Shots . | . . . . Overflow Damage 57 | . . . 57 Projectiles 9 | . . . 9 Explosions 48 | . . . 48 Melee . | . . . . Knockbacks . | . . . . Impact . | . . . . Kinetic . | . . . . Secondary . | . . . . Self-Inflicted Damage 131 | . . . 131 Shots 2 | . . . 2 Rammed 1 | . . . 1 Targets Rammed 1 | . . . 1 Kicked . | . . . . Crushed . | . . . . Highest Temperature 498 | . 40 123 498 Average Temperature 124 | . 24 29 163 Received Heat Transfer 379 | . 6 126 247 Effects 15 | . . . 15 Shutdowns 7 | . . . 7 Energy Bleed 1 | . . . 1 Interference 4 | . . . 4 Matter Decay 1 | . . . 1 Short Circuit 1 | . . . 1 Damage (major) 1 | . . . 1 Siege Activations . | . . . . Robots Corrupted . | . . . . Combat Hostiles . | . . . . Parts Fried 1 | . . . 1 Impact Corruptions . | . . . . Robots Melted . | . . . . Combat Hostiles . | . . . . Parts Melted 4 | . 1 1 2 Heat Transferred 1691 | . 125 200 1366 Parts Sabotaged . | . . . . Parts Stolen . | . . . . Parts Stripped . | . . . . Power Chain Reactions 1 | . . . 1 Alert | -11 -10 -9 -8 ------- Run | Yrd Mat Mat Mat Peak Influence 268 | . 126 267 268 Initial 52 | . . 52 35 Average 112 | . 27 134 156 Maximum Alert Level 1 | . . 1 1 Low Security (%) 79 | 100 100 89 57 Level 1 20 | . . 10 42 Level 2 . | . . . . Level 3 . | . . . . Level 4 . | . . . . Level 5 . | . . . . High Security . | . . . . Max Security . | . . . . Squads Dispatched 3 | . 1 1 1 Investigation 1 | . . . 1 Extermination . | . . . . Reinforcement 2 | . 1 1 . Assault . | . . . . Garrison . | . . . . Intercept . | . . . . Searches Triggered . | . . . . Construction Impeded . | . . . . Haulers Reinforced . | . . . . Active Scanning Responses . | . . . . Cargo Convoy Interrupts . | . . . . Stealth | -11 -10 -9 -8 --------- Run | Yrd Mat Mat Mat Distress Signals 3 | . . 2 1 Communications Jammed . | . . . . Distress Signals . | . . . . Times Spotted 48 | . 7 10 31 Peak Tracking Total 7 | . 4 3 7 Tactical Retreats 4 | . . 1 3 Traps | -11 -10 -9 -8 ------- Run | Yrd Mat Mat Mat Traps Triggered 1 | . 1 . . Indirectly . | . . . . Trap Hack Attempts . | . . . . Triggered . | . . . . Disarmed 6 | . . . 6 Reprogrammed . | . . . . Reused . | . . . . Traps Extracted . | . . . . Installed . | . . . . Triggered . | . . . . Machines | -11 -10 -9 -8 ---------- Run | Yrd Mat Mat Mat Machines Disabled 2 | . . . 2 Max in Single Turn 2 | . . . 2 Garrison Access 1 | . . . 1 Machines Repaired . | . . . . Machines Dismantled . | . . . . Machines Sabotaged . | . . . . Overloaded Fab Kills . | . . . . Hacking | -11 -10 -9 -8 --------- Run | Yrd Mat Mat Mat Machines Accessed 6 | . 1 2 3 Terminals 4 | . 1 2 1 Fabricators . | . . . . Repair Stations 1 | . . . 1 Recycling Units . | . . . . Scanalyzers . | . . . . Garrison Access 1 | . . . 1 Total Hacks 17 | . 3 7 7 Successful 11 | . 2 3 6 Failed 6 | . 1 4 1 Catastrophic . | . . . . Database Lockouts . | . . . . Manual . | . . . . Terminals 14 | . 3 7 4 Fabricators . | . . . . Repair Stations 2 | . . . 2 Recycling Units . | . . . . Scanalyzers . | . . . . Garrison Access 1 | . . . 1 Terminal Hacks 8 | . 2 3 3 Alert Level 1 | . . . 1 Disarm Traps 1 | . . . 1 Dispatch Records 1 | . 1 . . Security Status 1 | . . . 1 Transport Status 1 | . 1 . . Reinforcement Status 1 | . . 1 . Recall Investigation 1 | . . 1 . Recall Reinforcements 1 | . . 1 . Fabricator Hacks . | . . . . Repair Station Hacks 2 | . . . 2 Scan Component 1 | . . . 1 Repair 1 | . . . 1 Recycling Unit Hacks . | . . . . Scanalyzer . | . . . . Garrison Access Hacks 1 | . . . 1 Seal Access 1 | . . . 1 Unauthorized Hacks . | . . . . Terminals . | . . . . Fabricators . | . . . . Repair Stations . | . . . . Recycling Units . | . . . . Scanalyzers . | . . . . Garrison Access . | . . . . Data Cores Recovered . | . . . . Used . | . . . . Hacking Detections 4 | . 1 2 1 Full Trace Events 2 | . . 1 1 Feedback Events . | . . . . Feedback Blocked . | . . . . Robot Schematics Acquired . | . . . . Robots Built . | . . . . Authchips . | . . . . Time . | . . . . Total Robot Build Rating . | . . . . Part Schematics Acquired . | . . . . Parts Built . | . . . . Authchips . | . . . . Time . | . . . . Total Part Build Rating . | . . . . Parts Repaired 1 | . . . 1 Time 26 | . . . 26 Parts Recycled . | . . . . Recycled Matter . | . . . . Retrieved Matter . | . . . . Retrieved Components . | . . . . Parts Scanalyzed . | . . . . Part Schematics Acquired . | . . . . Parts Damaged . | . . . . Bothacking | -11 -10 -9 -8 ------------ Run | Yrd Mat Mat Mat Used RIF Installer . | . . . . Robots Hacked . | . . . . Non-combat . | . . . . Combat . | . . . . Robot Hacks Applied . | . . . . Relay Couplers Released . | . . . . Fabnet Peak Effective % . | . . . . Robots Rewired . | . . . . Allies Hacked . | . . . . Hacks Repelled . | . . . . Allies | -11 -10 -9 -8 -------- Run | Yrd Mat Mat Mat Total Allies . | . . . . Largest Group . | . . . . Highest-Rated Group . | . . . . Highest-Rated Ally . | . . . . Total Orders . | . . . . Ally Attacks . | . . . . Total Damage . | . . . . Kills . | . . . . Allies Corrupted . | . . . . Allies Melted . | . . . . Intel | -11 -10 -9 -8 ------- Run | Yrd Mat Mat Mat Robot Analysis Total . | . . . . Derelict Logs Recovered . | . . . . Drone Launches . | . . . . Drone Recoveries . | . . . . Exploration | -11 -10 -9 -8 ------------- Run | Yrd Mat Mat Mat Turns Passed 1471 | 49 359 480 583 Spaces Moved 824 | 38 287 270 229 Core 77 | 22 . . 55 Treads 178 | 16 27 135 . Legs . | . . . . Wheels 569 | . 260 135 174 Hover . | . . . . Flight . | . . . . Fastest Speed 50 | 50 100 100 100 Average Speed 127 | 96 105 130 155 Slowest Speed 400 | 160 160 160 400 Overloaded Moves . | . . . . Propulsion Burnouts . | . . . . Robots Hopped . | . . . . Cave-ins Triggered . | . . . . Exploration Rate (%) 26 | 3 52 24 26 Regions Visited 3 Branch Regions . Pre-discovered Areas . | . . . . Known Exits Taken 2 | . 1 1 . Unknown Exits Taken 1 | 1 . . . Scrap Searched . | . . . . Spaces Dug . | . . . . Terrain Destroyed 58 | . . . 58 Melee . | . . . . Projectile . | . . . . AOE 58 | . . . 58 Terrain Rammed . | . . . . Walls Destroyed . | . . . . Machines Disabled . | . . . . Actions | -11 -10 -9 -8 --------- Run | Yrd Mat Mat Mat Total 1085 | 49 325 337 374 Wait 94 | 1 22 9 62 Move 821 | 37 286 269 229 Hop . | . . . . Pick Up 24 | 5 4 8 7 Fast Attach 3 | 3 . . . Attach 19 | 3 1 5 10 Detach 1 | . . . 1 Swap 14 | . 3 5 6 Drop 7 | . . 4 3 Fire 101 | . 9 37 55 Melee . | . . . . Ram 1 | . . . 1 Kick . | . . . . Crush . | . . . . Escape Stasis . | . . . . Rewire . | . . . . Trap . | . . . . Miscellaneous . | . . . . Route ------- -11/Scrapyard -10/Materials (discovered 2 exits: *Mat x2) -9/Materials -8/Materials (discovered 1 exit: [*Fac]) History --------- Turn | Location | Event 9 | -11/Scrapyard | Discovered new exit (range 15) 50 | -11/Scrapyard | Entered Materials 218 | -10/Materials | Discovered new exit (range 10) 310 | -10/Materials | Build established: Mutant 397 | -10/Materials | Discovered new exit (range 13) 408 | -10/Materials | Identified exit to Materials 409 | -10/Materials | Entered another Materials area 409 | -9/Materials | Evolved 2 slots: Power x1, Propulsion x1 870 | -9/Materials | Discovered new exit (range 16) 888 | -9/Materials | Identified exit to Materials 889 | -9/Materials | Entered another Materials area 889 | -8/Materials | Evolved 2 slots: Utility x1, Weapon x1 939 | -8/Materials | Repaired Sml. Laser 1278 | -8/Materials | Core integrity fell below 50% 1312 | -8/Materials | Lost 5 parts (2p1n2u) 1334 | -8/Materials | Core integrity fell below 20% 1443 | -8/Materials | Discovered new exit (range 16) 1472 | -8/Materials | Destroyed by S-10 Pest with Light Assault Rifle Last Messages --------------- R-06 Scavenger collects Structural Scanner. Acquired Lgt. Nuclear Core. R-06 Scavenger collects Lgt. Assault Rifle. U-05 Engineer lays Concrete. U-05 Engineer builds a Wall. U-05 Engineer lays Concrete. The unstable cave ceiling collapses. U-05 Engineer builds a Door. The unstable cave ceiling collapses. U-05 Engineer builds a Wall. U-05 Engineer lays Concrete. U-05 Engineer builds a Wall. The unstable cave ceiling collapses. Acquired 55 matter. Acquired 15 matter. The unstable cave ceiling collapses. K-01 Serf cleans the Terminal. EXIT=FOUND Imp. Ion Engine destroyed. Beam Rifle destroyed. Map ----- +----------------------------------------------------+ | | | | | | | | | | | ?????????????????????????????????????????????????? | | ?????????????????????????????????????????????????? | | ?????????????????????????????????????????????????? | | ?????????????????????????????????????????????????? | | ?????????????????????????????????????????????????? | | ?????????????????????????????????????????????????? | | ?????????????????????????????????????????????????? | | ?????????????????????????????????????????????????? | | ?????????????????????????????????????????????????? | | ?????????????????????????????????????????????????? | | ?????????????????????????????????????????????????? | | ?????????????????????????####????????????????????? | | ????????????????????????# #????????????????????? | | ????????????????????????# < #????????????????????? | | ????????????????????????# #????????????????????? | | ????????????????????????+ +????????????????????? | | ????????????????????????# #????????????????????? | | ????????????????????????# #????????????????????? | | ????????????????????????# #????????????????????? | | ????????????????????????# #????????????????????? | | ????????????????????????#@ #????????????????????? | | ???????????????########?# ############?????????? | | ???????????????? # #????????? | | ???????????????# """ #ss #????????? | | ???????????????# """ + s T #????????? | | ???????????????+ """ # s #????????? | | ???????????????? # #????????? | | ???????????????# """ ?# #?????????? | | ???????????????# """ ?# #?????????? | | ???????????????# """??# #?????????? | | ???????????????# ??# #?????????? | | ??????????????????###???# """ #?????????? | | ????????????????????????# """"" #?????????? | | ??????????????????????####+## """"" #?????????? | | ??????????????????????# # """"" #?????????? | | ??????????????????????# """ # """ #?????????? | | ??????????????????????# "" #? #?????????? | | ??????????????????????# """ #? ##########? | | ??????????????????????# #?? # #? | | ???????????############ #??? # """ #? | | ???????????# # ## "#????? # """ ## | | ???????????# # ## = T#??????# # """ # | | ??????????## ## "#??????# # % + | | ??????????# # #??????# # """ # | | ??????????# %####+########## + = """ # | +----------------------------------------------------+ Best States ------------- Heat Dissipation 31 Energy Generation 21 Energy Capacity 430 Matter Stores 298 Matter Capacity 300 Sight Range 16 Terrain Scan Density 10 ECM Strength 1 Evasion (%) 50 Recoil Reduction 3 Item Schematics ----------------- None Robot Schematics ------------------ None Fabricated ------------ Nothing Alien Tech Used ----------------- None Achievements -------------- None Challenges ------------ None Game ------ Seed DisruptorAdvancedLaser Manual? 0 Play Time 00:21:45 Cumulative 3.9 hours Start 2024.04.04 @ 01:16:49 End 2024.04.04 @ 01:38:23 Sessions 1 Manual Loads 0 Difficulty Rogue Special Mode None Game No. 9 Rogue 9 Adventurer 0 Explorer 0 Win Type - Total 0 Types 0/0/0/0/0/0/0/0/0 Lore% 11 Gallery% 8 Achievement% 9 Wizard Run 0 Options --------- Layout 1 ASCII 1 Keyboard 0 Movement Mouse Keybinds 0 Fullscreen 2 Font 24/Smallcaps Map View 50x35 Zoom Use 0% Tactical HUD 0 Map Filters NONE Filters NONE Steam 1 RUN: 5959799d-ee64-436c-b80d-21901e736e53